 Dungeon Crawl Stone Soup version 0.30.0-19-g36f170ea60 (webtiles) character file.

Game seed: 1659274901196200298

2496 Bnni the Geomancer (level 9, -3/67 (68) HPs)
             Began as a Formicid Earth Elementalist on May 30, 2023.
             Was a Follower of Cheibriados.
             Slain by a two-headed ogre
             ... wielding a +0 giant spiked club
              (11 damage)
             ... on level 8 of the Dungeon.
             The game lasted 00:15:58 (6152 turns).

Bnni the Geomancer (Formicid Earth Elementalist)    Turns: 6152, Time: 00:15:58

HP:   -3/67 (68)    AC: 11    Str: 16    XL:     9   Next: 82%
MP:   12/26         EV:  9    Int: 22    God:    Cheibriados [*.....]
Gold: 300           SH: 10    Dex: 17    Spells: 4/19 levels left

rFire   . . .        H - +2 dagger (drain)
rCold   . . .        e - +0 kite shield
rNeg    . . .        i - +0 ring mail {rPois}
rPois   +            (helmet unavailable)
rElec   .            A - +0 cloak
rCorr   .            (no gloves)
SInv    +            h - +0 pair of boots
Will    .....        (no amulet)
Stlth   ++           j - +4 ring of protection
HPRegen 0.31/turn    x - ring of magical power
MPRegen 0.20/turn

%: no passive effects
@: lethally poisoned (-3 -> -7), lightly drained, very slow
A: permanent stasis, dig shafts and tunnels, antennae 3, four strong arms
a: Dig, Shaft Self, Renounce Religion, Bend Time


You were on level 8 of the Dungeon.
You worshipped Cheibriados.
Cheibriados was aware of your devotion.
You visited 1 branch of the dungeon, and saw 8 of its levels.

You collected 352 gold pieces.
You spent 52 gold pieces at shops.

Inventory:

Hand Weapons
 G - a +1 whip of venom
 H - a +2 dagger of draining (weapon)
Missiles
 M - 7 poisoned darts
Armour
 e - a +0 kite shield (worn)
 h - a +0 pair of boots (worn)
 i - a +0 ring mail of poison resistance (worn)
 v - a +0 chain mail
 A - a +0 cloak (worn)
 C - a +0 plate armour
Magical Staves
 L - a staff of death
Jewellery
 j - a +4 ring of protection (left hand)
 r - a ring of willpower
 x - a ring of magical power (right hand)
 I - a ring of flight
 N - a ring of poison resistance
Wands
 w - a wand of digging (3)
 D - a wand of roots (13)
 J - a wand of mindburst (15)
Scrolls
 c - a scroll of magic mapping {unknown}
 d - 6 scrolls of blinking {unknown}
 g - 4 scrolls of teleportation {unknown}
 k - 2 scrolls of vulnerability
 m - 2 scrolls of fear
 o - 3 scrolls of amnesia {unknown}
 y - 2 scrolls of enchant weapon
 z - a scroll of butterflies {unknown}
 E - a scroll of immolation
 K - a scroll of enchant armour {unknown}
Potions
 a - 2 potions of might
 b - a potion of magic
 f - a potion of flight
 l - 2 potions of ambrosia
 n - 4 potions of heal wounds
 p - 2 potions of mutation
 q - 2 potions of cancellation
 s - a potion of invisibility {unknown}
 t - 2 potions of degeneration {unknown}
 u - 3 potions of lignification {unknown}
 B - a potion of resistance {unknown}
 F - 2 potions of curing {unknown}


   Skills:
 + Level 5.4 Fighting
 - Level 1.7 Dodging
 - Level 2.4 Stealth
 + Level 4.1 Shields
 + Level 5.7 Spellcasting
 - Level 3.0 Conjurations
 - Level 3.0 Transmutations
 * Level 9.7 Earth Magic
 * Level 4.5 Invocations


You had 4 spell levels left.
You knew the following spells:

 Your Spells              Type           Power      Damage    Failure   Level
a - Sandblast             Erth           98%        2d20      1%          1
b - Passwall              Tmut/Erth      28%        N/A       6%          2
c - Stone Arrow           Conj/Erth      68%        3d11      12%         3
d - Petrify               Tmut/Erth      34%        N/A       36%         4
e - Lee's Rapid Deconstr  Erth           24%        3d13*     26%         5

Your spell library contained the following spells:

 Spells                   Type           Power      Damage    Failure   Level
 Magic Dart               Conj           76%        1d6       16%         1
 Call Imp                 Summ           12%        N/A       61%         2
 Mephitic Cloud           Conj/Pois/Air  10%        N/A       71%         3
 Gell's Gravitas          Tloc           6%         N/A       83%         3
 Teleport Other           Tloc           6%         N/A       83%         3
 Volatile Blastmotes      Fire/Tloc      12%        2d11      83%         3
 Fulminant Prism          Conj/Hex       6%         3d7       95%         4
 Iskenderun's Mystic Bla  Conj/Tloc      12%        2d5       95%         4
 Dispersal                Tloc           3%         N/A       100%        6


Dungeon Overview and Level Annotations

Branches:
Dungeon (8/15)             Temple (0/1) D:7            Lair (0/5) D:8

Altars:
Cheibriados
Elyvilon
Ru
Wu Jian

Shops:
D:1 *   D:6 [=*=*   D:8 ?

Annotations:
D:8 Erica


Innate Abilities, Weirdness & Mutations

You cannot be hasted, slowed, berserked, paralysed or teleported.
You can dig through walls and to a lower floor.
You have a pair of large antennae on your head. (SInv)
Your four strong arms can wield two-handed weapons with a shield.


Message History

As you read the scroll of fear, it crumbles to dust.
You assume a fearsome visage.
Erica resists with some effort.
The kobold looks frightened! x4; The two-headed ogre looks frightened!
The two-headed ogre yells, "Help!"
The kobold pleads, "Please don't kill me!"
Cornered, the kobold turns to fight!
Cornered, the two-headed ogre turns to fight!
Cornered, the kobold turns to fight!
Erica mumbles some strange words.
Erica flickers and vanishes for a moment.
Casting: Sandblast (safe; 1% risk of failure)
Confirm with . or Enter, or press ? or * to list all spells.
Aiming: Stone Arrow (dangerous; 12% risk of failure)
Press: ? - help, Shift-Dir - straight line, f/p - two-headed ogre
Aim: a two-headed ogre, wielding a +0 giant spiked club and a +0 giant club (lightly wounded, 88% to hit)
The stone arrow hits the two-headed ogre!
The two-headed ogre is heavily wounded.
The two-headed ogre hits you with a +0 giant spiked club!
* * * LOW HITPOINT WARNING * * *
You block the two-headed ogre's attack.
The kobold throws a poisoned dart.
The poisoned dart hits you!
You are poisoned.
Casting: Stone Arrow (dangerous; 12% risk of failure)
Confirm with . or Enter, or press ? or * to list all spells.
Aiming: Stone Arrow (dangerous; 12% risk of failure)
Press: ? - help, Shift-Dir - straight line, f/p - two-headed ogre
Aim: a two-headed ogre, wielding a +0 giant spiked club and a +0 giant club (heavily wounded, 88% to hit)
The stone arrow hits the two-headed ogre!
The two-headed ogre is severely wounded.
You feel sick.
Casting: Stone Arrow (dangerous; 12% risk of failure)
Confirm with . or Enter, or press ? or * to list all spells.
Aiming: Stone Arrow (dangerous; 12% risk of failure)
Press: ? - help, Shift-Dir - straight line, f/p - two-headed ogre
Aim: a two-headed ogre, wielding a +0 giant spiked club and a +0 giant club (severely wounded, 88% to hit)
The stone arrow hits the two-headed ogre.
The two-headed ogre is severely wounded.
You feel sick. The two-headed ogre closely misses you.
The two-headed ogre hits you with a +0 giant club!
You die...

#.#..#
#.#.##
#.#.# #.#.#
#####.#.# {
#...#.#.#
#.#.#...#
#.....###
#...@..#
.....#O#..#
.##. #K#..#
#. #K#..# #
#@#..#
#.#K.#
#)#..#
...?.. {...


You could see Erica (invisible), a two-headed ogre and 3 kobolds.

Vanquished Creatures
  A steam dragon (D:7)
  An ice beast (D:7)
  2 sky beasts (D:7)
  Pargi (D:3)
  A black bear (D:5)
  2 ogres
  A centaur (D:7)
  2 kobold brigands
  3 bullfrogs
  2 scorpions
  5 wights (D:8)
  A howler monkey (D:8)
  8 hounds
  2 jellies (D:7)
  2 orc priests (D:5)
  2 gnoll boudas
  Jessica (D:3)
  Ijyb (D:3)
  2 iguanas
  2 orc wizards (D:5)
  12 gnolls
  13 adders
  A white imp (D:7)
  2 ufetubi
  2 worms (D:3)
  4 dart slugs
  7 orcs
  6 bats
  4 endoplasms
  4 goblins
  6 hobgoblins
  11 jackals
  5 quokkas
  7 ball pythons
  3 frilled lizards
  13 kobolds
  3 rats
145 creatures vanquished.

Notes
Turn   | Place    | Note
-------+----------+-------------------------------------------
     0 | D:1      | Bnni the Formicid Earth Elementalist began the quest for
                  | the Orb.
     0 | D:1      | Reached XP level 1. HP: 13/13 MP: 3/3
   105 | D:1      | Reached XP level 2. HP: 16/20 MP: 1/5
   207 | D:1      | You fall into a shaft and drop 1 floor!
   222 | D:2      | Reached skill level 4 in Earth Magic
   231 | D:2      | Reached skill level 1 in Fighting
   231 | D:2      | Reached XP level 3. HP: 26/26 MP: 1/6
   303 | D:1      | Learned a level 2 spell: Passwall
   307 | D:1      | Learned a level 3 spell: Stone Arrow
   330 | D:1      | Found Vecliz's Assorted Antiques.
  1029 | D:2      | Reached XP level 4. HP: 32/32 MP: 4/8
  1103 | D:2      | Found a white marble altar of Elyvilon.
  1115 | D:2      | Found a faded altar of an unknown god.
  1379 | D:2      | Reached XP level 5. HP: 38/38 MP: 6/9
  1478 | D:2      | Reached skill level 5 in Earth Magic
  1623 | D:3      | Noticed Pargi
  1630 | D:3      | Killed Pargi
  1631 | D:3      | Reached XP level 6. HP: 44/44 MP: 6/10
  1687 | D:3      | Noticed Ijyb
  1695 | D:3      | Killed Ijyb
  1920 | D:3      | Noticed Jessica
  1923 | D:3      | Killed Jessica
  2076 | D:3      | Reached skill level 6 in Earth Magic
  2388 | D:4      | Reached XP level 7. HP: 51/51 MP: 7/12
  2456 | D:4      | Reached skill level 1 in Conjurations
  2646 | D:4      | Learned a level 4 spell: Petrify
  2726 | D:4      | Found an ornate altar of the Wu Jian Council.
  2790 | D:4      | Reached skill level 7 in Earth Magic
  3078 | D:5      | Entered Level 5 of the Dungeon
  3446 | D:5      | Reached XP level 8. HP: 60/60 MP: 14/14
  4000 | D:5      | Reached skill level 8 in Earth Magic
  4125 | D:6      | Reached skill level 1 in Shields
  4156 | D:6      | Found Buezotto's General Store.
  4187 | D:6      | Found Xaguash's Jewellery Boutique.
  4205 | D:6      | Found Xeantet's General Store.
  4246 | D:6      | Found Jysotas's Jewellery Shoppe.
  4277 | D:6      | Found Vinem's Armour Shop.
  4382 | D:6      | Found a snail-covered altar of Cheibriados.
  4390 | D:6      | Became a worshipper of Cheibriados the Contemplative
  4685 | D:7      | Reached skill level 5 in Spellcasting
  4685 | D:7      | Reached skill level 1 in Invocations
  4685 | D:7      | Reached XP level 9. HP: 66/66 MP: 16/16
  5019 | D:7      | Learned a level 5 spell: Lee's Rapid Deconstruction
  5082 | D:7      | Reached skill level 9 in Earth Magic
  5092 | D:7      | Reached skill level 5 in Fighting
  5174 | D:7      | Reached * piety under Cheibriados
  5327 | D:7      | Found a staircase to the Ecumenical Temple.
  5565 | D:7      | Found a sacrificial altar of Ru.
  5819 | D:8      | Found Noxzul's Magic Scroll Shop.
  5897 | D:8      | Bought a scroll of fear for 52 gold pieces
  5902 | D:8      | Found a staircase to the Lair.
  6139 | D:8      | Noticed a two-headed ogre
  6144 | D:8      | Noticed Erica
  6152 | D:8      | Slain by a two-headed ogre

Illustrated notes

Levels and vault maps discovered:
D:1:      dpeg_arrival_oval, layout_loops_ring, serial_shops, shop
D:2:      layout_rooms, nicolae_ecumenical_lake_church, basic_altar,
          serial_bayou_ford_a
D:3:      layout_basic, uniq_pargi, uniq_jessica, uniq_ijyb
D:4:      layout_cave_pools, pdpol_wu_jian_five_deadly_venoms
D:5:      layout_loops_corners
D:6:      layout_rooms, kennysheep_slug_shrine, serial_shops,
          nicolae_shop_scrapyard, nicolae_shop_gaudy_bauble, nicolae_shop_stone,
          shop, shop
D:7:      layout_basic, overflow_temple_1_default, minmay_temple_entry_ruins
D:8:      layout_basic, chequers_temple_overflow_statue_of_worship,
          dpeg_oklobed_lair, serial_shops, shop, gammafunk_ghost_cemetery,
          chequers_serial_rivers_room_a, uniq_joseph, uniq_erica

Skill      XL: |  1  2  3  4  5  6  7  8  9 |
---------------+----------------------------+-----
Earth Magic    | 4 5 6 7 8 9 |  9.7
Fighting       | 1 2 3 4 5 |  5.4
Transmutations | 2 3 |  3.0
Spellcasting   | 3 4 5 |  5.7
Conjurations   | 2 3 |  3.0
Shields        | 2 4 |  4.1
Invocations    | 1 4 |  4.5
Dodging        | |  1.7
Stealth        | |  2.4

Action                     |  1- 3 |  4- 6 |  7- 9 || total
---------------------------+-------+-------+-------++-------
  Melee: Dagger            |    44 |    16 |    28 ||    88
   Cast: Sandblast         |    20 |    58 |   147 ||   225
         Stone Arrow       |       |       |     3 ||     3
 Invoke: Bend Time         |       |       |     1 ||     1
Ability: Dig               |       |       |     1 ||     1
    Use: Scroll            |     3 |     3 |     5 ||    11
   Stab: Sleeping          |     3 |       |       ||     3
 Armour: Robe              |     8 |     3 |       ||    11
         Ring mail         |       |    26 |    69 ||    95
  Dodge: Dodged            |    30 |    30 |    65 ||   125
  Block: Kite shield       |       |       |    36 ||    36
